 Dungeon Crawl Stone Soup version 0.24.0-28-g17ded55e90 (webtiles) character file.

Game seed: 17525680820916937575, levelgen mode: deterministic

1962 Delamore the Cleaver (level 9, 0/70 HPs)
             Began as a Hill Orc Fighter on Nov 14, 2019.
             Slain by an orc warrior
             ... wielding a +0 halberd
              (19 damage)
             ... on level 6 of the Dungeon.
             The game lasted 00:06:10 (5164 turns).

Delamore the Cleaver (Hill Orc Fighter)             Turns: 5164, Time: 00:06:10

Health: 0/70       AC:  9    Str: 22    XL:     9   Next: 19%
Magic:  9/9        EV:  7    Int:  8    God:
Gold:   224        SH:  9    Dex: 10    Spells: 8/8 levels left

rFire    . . .     SeeInvis .   a - +0 war axe
rCold    . . .     Gourm    .   c - +0 shield
rNeg     . . .     Faith    .   b - +0 scale mail
rPois    .         Spirit   .   (no helmet)
rElec    .         Reflect  .   u - +0 cloak
rCorr    .         Harm     .   (no gloves)
MR       .....                  p - +0 pair of boots
Stlth    ..........             (no amulet)
HPRegen  0.21/turn              (no ring)
MPRegen  0.11/turn              (no ring)

@: no status effects
A: no striking features
a: no special abilities


You were on level 6 of the Dungeon.
You were not hungry.

You visited 1 branch of the dungeon, and saw 6 of its levels.

You collected 224 gold pieces.

Inventory:

Hand Weapons
 a - a +0 war axe (weapon)
Armour
 b - a +0 scale mail (worn)
 c - a +0 shield (worn)
 o - a scarf of spirit shield
 p - a +0 pair of boots (worn)
 u - a +0 cloak (worn)
Wands
 x - a wand of random effects (14)
 y - a wand of iceblast (4)
Scrolls
 e - 6 scrolls of remove curse {unknown}
 g - 6 scrolls of identify {unknown}
 h - 2 scrolls of noise {unknown}
 k - a scroll of blinking {unknown}
 l - a scroll of enchant armour {unknown}
 m - 6 scrolls of teleportation {unknown}
 q - a scroll of fog {unknown}
 t - a scroll of enchant weapon {unknown}
 A - a scroll of immolation {unknown}
 C - 2 scrolls of amnesia {unknown}
Potions
 d - a potion of might
 i - a potion of ambrosia {unknown}
 j - a potion of heal wounds
 n - 4 potions of degeneration {unknown}
 r - 3 potions of curing
 s - a potion of cancellation {unknown}
 v - a potion of agility {unknown}
 w - a potion of flight {unknown}
 z - a potion of haste
 D - a potion of mutation {unknown}
Comestibles
 f - 10 rations
 B - 7 chunks of flesh


   Skills:
 - Level 3.6 Fighting
 + Level 14.6 Axes
 - Level 3.2 Armour
 - Level 3.2 Shields


You had 8 spell levels left.
You didn't know any spells.
Your spell library was empty.

Dungeon Overview and Level Annotations

Branches:
Dungeon (6/15)
 Temple: D:4-7

Altars:
Fedhas
Sif Muna
Trog
Uskayaw
Vehumet


Message History

You kill the scorpion!
You feel sick.
The orc warrior hits you with a +0 halberd!!
* * * LOW HITPOINT WARNING * * *
You feel much better.
You feel sick. You block the orc warrior's attack.
You barely miss the orc warrior.
The orc warrior is moderately wounded.
You feel sick.
You closely miss the orc warrior.
The orc warrior is moderately wounded.
The orc warrior hits you with a +0 halberd!
* * * LOW HITPOINT WARNING * * *
You barely miss the orc warrior.
The orc warrior is moderately wounded.
You feel sick.
The orc warrior hits you with a +0 halberd.
* * * LOW HITPOINT WARNING * * *
You feel better.
The orc warrior hits you with a +0 halberd!!
You die...

#
#.###.#################
#......@..............##
......o)†.#########....#
..........# #....#
..........# #....#
........... #.....
............ ###...
............. ###.
.............. #. #.


You could see an orc warrior.

Vanquished Creatures
  Pikel (D:4)
  A hippogriff (D:4)
  Duvessa (D:4)
  2 sky beasts
  A slave (D:3)
  2 ogres
  A bullfrog (D:5)
  A scorpion (D:6)
  Dowan (D:4)
  A centaur zombie (D:6)
  4 hounds
  A jelly (D:5)
  5 orc wizards
  2 bullfrog skeletons
  A centaur skeleton (D:4)
  4 worker ants
  2 hound skeletons (D:5)
  5 adders
  A gnoll (D:1)
  A shadow imp (D:5)
  2 oozes
  2 adder skeletons
  2 worms (D:2)
  2 dart slugs
  7 leopard geckos
  16 orcs
  8 bats
  3 giant cockroaches
  7 goblins
  9 hobgoblins
  4 jackals (D:6)
  3 kobolds
  4 quokkas
  2 ball pythons (D:3)
  5 frilled lizards
  A jackal skeleton (D:6)
  A quokka skeleton (D:4)
  10 rats
126 creatures vanquished.

Vanquished Creatures (others)
  An orc wizard (D:6)
1 creature vanquished.

Grand Total: 127 creatures vanquished

Notes
Turn   | Place    | Note
-------+----------+-------------------------------------------
     0 | D:1      | Delamore the Hill Orc Fighter began the quest for the Orb.
     0 | D:1      | Reached XP level 1. HP: 19/19 MP: 1/1
    49 | D:1      | Reached skill level 3 in Axes
    49 | D:1      | Reached XP level 2. HP: 11/26 MP: 2/2
   358 | D:1      | Reached skill level 4 in Axes
   555 | D:1      | Reached XP level 3. HP: 29/31 MP: 3/3
   910 | D:1      | Reached skill level 5 in Axes
  1061 | D:2      | Reached XP level 4. HP: 39/39 MP: 4/4
  1165 | D:2      | Reached skill level 6 in Axes
  1191 | D:2      | Found a blossoming altar of Fedhas.
  1267 | D:2      | Found a radiant altar of Vehumet.
  1543 | D:2      | Found a bloodstained altar of Trog.
  1583 | D:2      | Reached XP level 5. HP: 45/45 MP: 5/5
  2128 | D:3      | Reached skill level 7 in Axes
  2231 | D:4      | Noticed an ogre
  2239 | D:4      | Killed an ogre
  2239 | D:4      | Reached skill level 8 in Axes
  2239 | D:4      | Reached XP level 6. HP: 10/51 MP: 6/6
  2517 | D:4      | Noticed a hippogriff
  2532 | D:4      | Killed a hippogriff
  2532 | D:4      | Reached skill level 9 in Axes
  2532 | D:4      | Reached XP level 7. HP: 14/57 MP: 7/7
  2887 | D:4      | Noticed Pikel
  3119 | D:4      | Noticed Duvessa
  3119 | D:4      | Noticed Dowan
  3131 | D:4      | Killed Dowan
  3131 | D:4      | Reached skill level 10 in Axes
  3135 | D:4      | HP: 1/57 [Duvessa/+0 rapier (10)]
  3146 | D:4      | Killed Duvessa
  3464 | D:4      | Killed Pikel
  3464 | D:4      | Reached skill level 12 in Axes
  3464 | D:4      | Reached XP level 8. HP: 57/64 MP: 8/8
  3474 | D:5      | Entered Level 5 of the Dungeon
  3850 | D:5      | Found a hide-covered altar of Uskayaw.
  3866 | D:5      | Reached skill level 13 in Axes
  4259 | D:5      | Found a shimmering blue altar of Sif Muna.
  4878 | D:6      | Reached XP level 9. HP: 70/70 MP: 9/9
  4883 | D:6      | Reached skill level 14 in Axes
  5164 | D:6      | Slain by an orc warrior

Levels and vault maps discovered:
D:1:      psy_arrival_spokes, layout_loops_cross
D:2:      layout_loops_ring, old_standard_altar, lemuel_doored_altar,
          lemuel_crystal_altar, lemuel_flame_loot_1
D:3:      layout_loops_ring, first_ration
D:4:      layout_basic, grunt_ministairs_3, uniq_duvessa, uniq_pikel
D:5:      layout_basic, old_standard_altar, led_sif_book
D:6:      old_forge, layout_basic, serial_shops, shop

Skill      XL: |  1  2  3  4  5  6  7  8  9 |
---------------+----------------------------+-----
Axes           | 3 4 5 6 8 9 12 13 14 | 14.6
Fighting       | |  3.6
Armour         | |  3.2
Shields        | |  3.2

Action                   |  1- 3 |  4- 6 |  7- 9 || total
-------------------------+-------+-------+-------++-------
Melee: War axe           |    71 |   147 |   218 ||   436
  Use: Potion            |       |       |     5 ||     5
  Eat: Chunk             |     1 |     3 |    10 ||    14
Armor: Scale mail        |    30 |    79 |    68 ||   177
Dodge: Dodged            |    12 |    56 |    56 ||   124
Block: Shield            |    44 |    67 |    75 ||   186
